 Dungeon Crawl Stone Soup version 0.31-a0-542-gdc2a67831c (webtiles) character file.

Game seed: 13789653195891268800

1178 snetch the Cleaver (level 8, -1/71 HPs)
             Began as a Minotaur Berserker on Aug 14, 2023.
             Was a Priest of Trog.
             Slain by a troll (8 damage)
             ... on level 6 of the Dungeon.
             The game lasted 00:13:13 (3415 turns).

snetch the Cleaver (Minotaur Berserker)             Turns: 3415, Time: 00:13:13

Health: -1/71      AC: 13    Str: 24    XL:     8   Next: 18%
Magic:  7/7        EV: 13    Int:  4    God:    Trog [***...]
Gold:   132        SH:  0    Dex: 16    Spells: 7/7 levels left

rFire   . . .        a - +0 hand axe
rCold   . . .        (no shield)
rNeg    . . .        J - +3 ring mail
rPois   .            (helmet restricted)
rElec   .            E - +2 cloak
rCorr   .            (no gloves)
SInv    .            h - +0 pair of boots
Will    ++...        N - amulet of faith
Stlth   +            F - +6 ring of dexterity
HPRegen 1.31/turn    (no ring)
MPRegen 0.10/turn

%: faith
@: strong-willed (expiring), on berserk cooldown, regenerating (expiring),
slowed, very slow
A: horns 2, retaliatory headbutt
a: Renounce Religion, Berserk, Trog's Hand


You were on level 6 of the Dungeon.
You worshipped Trog.
Trog was most pleased with you.
You visited 1 branch of the dungeon, and saw 6 of its levels.

You collected 287 gold pieces.
You spent 155 gold pieces at shops.

Inventory:

Hand Weapons
 a - a +0 hand axe (weapon)
 l - the +4 short sword "Kamelayl" {freeze, Drain Fly rN+++ Will+}
   (You found it on level 2 of the Dungeon)

   rN+++:     It renders you almost immune to negative energy.
   Will+:     It increases your willpower.
   Fly:       It grants you flight.
   Drain:     It drains your maximum health when unequipped.
 D - a +3 quarterstaff of chaos
 K - a +0 flail
 L - the +5 long sword of Woj Hes {flame, Fragile Str-5 Int+8 Stlth+}
   (You found it on level 4 of the Dungeon)

   Str-5:     It affects your strength (-5).
   Int+8:     It affects your intelligence (+8).
   Fragile:   It will be destroyed if unequipped.
   Stlth+:    It makes you more stealthy.
 Q - a +0 trident
 R - a +2 heavy spear
Missiles
 f - 42 stones
 w - 3 javelins
 x - 8 poisoned darts (quivered)
 A - 2 atropa-tipped darts
Armour
 b - a +0 chain mail
 h - a +0 pair of boots (worn)
 E - a +2 cloak (worn)
 J - a +3 ring mail (worn)
 S - a +3 scale mail of fire resistance
Jewellery
 n - an amulet of the acrobat
 t - a ring of fire
 F - a +6 ring of dexterity (left hand)
 N - an amulet of faith (around neck)
Talismans
 y - a beast talisman
 O - a beast talisman
Wands
 z - a wand of flame (23)
 I - a wand of charming (7)
Scrolls
 d - 3 scrolls of fear {unknown}
 e - 3 scrolls of revelation {unknown}
 k - 6 scrolls of identify {unknown}
 o - 2 scrolls of fog {unknown}
 r - a scroll of enchant weapon {unknown}
 v - 3 scrolls of teleportation {unknown}
 B - a scroll of brand weapon {unknown}
 C - a scroll of noise {unknown}
 M - 2 scrolls of amnesia {unknown}
 P - a scroll of torment {unknown}
Potions
 c - 2 potions of attraction {unknown}
 g - 2 potions of heal wounds
 i - 3 potions of curing
 j - 4 potions of degeneration {unknown}
 m - 2 potions of mutation {unknown}
 p - a potion of enlightenment {unknown}
 q - 2 potions of haste {unknown}
 s - a potion of brilliance {unknown}
 u - a potion of might {unknown}
 G - a potion of berserk rage {unknown}
 H - 2 potions of magic {unknown}


   Skills:
 + Level 6.4 Fighting
 + Level 8.8 Axes
 + Level 5.0 Armour
 + Level 4.7 Dodging
 + Level 0.6 Stealth


You had 7 spell levels left.
You didn't know any spells.
Your spell library contained the following spells:

 Spells                   Type           Power      Damage    Failure   Level
 Blink                    Tloc           0%         N/A       78%         2
 Static Discharge         Conj/Air       0%         2-2/arc   78%         2
 Summon Guardian Golem    Hex/Summ       0%         N/A       95%         3
 Airstrike                Air            0%         2d(0-16)  100%        4
 Manifold Assault         Tloc           0%         N/A       100%        4
 Summon Lightning Spire   Summ/Air       0%         N/A       100%        4
 Orb of Destruction       Conj           0%         9d5       100%        7
 Spellforged Servitor     Conj/Summ      0%         N/A       100%        7


Dungeon Overview and Level Annotations

Branches:
Dungeon (6/15)
 Temple: D:4-7

Altars:
Vehumet

Shops:
D:3 (*[*[


Innate Abilities, Weirdness & Mutations

You have a pair of horns on your head.
You reflexively headbutt those who attack you in melee.


Message History

The troll claws you but does no damage. Edmund closely misses you.
Unknown command.
You hit Edmund.
Edmund is almost dead.
You closely miss the troll. The troll bites you. The troll misses you. x2
Edmund closely misses you. The troll misses you. The troll claws you!
The troll claws you but does no damage.
Unknown command.
You closely miss Edmund.
Edmund is almost dead.
You hit the troll but do no damage. The troll bites you but does no damage.
The troll claws you but does no damage. The troll barely misses you.
Edmund hits you with a +3 heavy flail!
* * * LOW HITPOINT WARNING * * *
Unknown command.
You hit Edmund.
You kill Edmund!
Trog accepts your kill.
You hit the troll but do no damage.
You feel the effects of Trog's Hand fading.
The troll barely misses you. The troll claws you but does no damage.
The troll closely misses you.
Your Armour skill increases to level 5!
You slash the troll!
The troll is severely wounded.
You hit the orc. The orc completely misses you. The troll barely misses you.
You furiously retaliate!
You headbutt the troll. The troll claws you but does no damage.
The troll closely misses you. The orc hits you with a +0 dagger.
* * * LOW HITPOINT WARNING * * *
The troll barely misses you. The troll claws you!
* * * LOW HITPOINT WARNING * * *
The troll closely misses you.
You hit the troll.
You headbutt the troll, but do no damage.
The troll is almost dead.
You closely miss the orc. The orc closely misses you.
The troll bites you but does no damage. The troll completely misses you.
The troll claws you!
You die...

...# # .. h.... #. #.#
#. ....##. #.#
#.###..... #.#
#........## .[### #
..#S.....## #....
#$###.#.###...####.##.
#.....#†.†.........#..
#.@TS.#............
#o###.#.###........ #.
..#...)........ ..
#.....#......... ###
#.###.#.###.....
#.....#.†.[..#..
.............###
..........#.###
...............


You could see a troll, an adder and an orc.

Vanquished Creatures
  Edmund (D:6)
  Duvessa (D:4)
  A black bear (D:4)
  An ice beast (D:6)
  A sky beast (D:4)
  A centaur (D:6)
  A gnoll sergeant (D:6)
  A scorpion (D:6)
  Dowan (D:4)
  A killer bee (D:6)
  A howler monkey (D:6)
  A hound (D:6)
  Crazy Yiuf (D:3)
  Ijyb (D:4)
  A sleepcap (D:4)
  An iguana (D:3)
  4 gnolls (D:4)
  6 adders
  A shadow imp (D:6)
  A white imp (D:6)
  An ufetubus (D:6)
  2 dart slugs
  7 orcs
  6 ball pythons
  10 endoplasms
  4 giant cockroaches
  11 goblins
  13 hobgoblins
  2 jackals (D:4)
  9 kobolds
  4 quokkas
  6 bats
  3 frilled lizards (D:1)
  7 rats
113 creatures vanquished.

Notes
Turn   | Place    | Note
-------+----------+-------------------------------------------
     0 | D:1      | snetch the Minotaur Berserker began the quest for the Orb.
     0 | D:1      | Reached XP level 1. HP: 19/19 MP: 0/0
    35 | D:1      | Reached skill level 4 in Axes
    35 | D:1      | Reached XP level 2. HP: 17/27 MP: 1/1
   212 | D:1      | Reached ** piety under Trog
   466 | D:1      | Reached XP level 3. HP: 33/33 MP: 2/2
   538 | D:3      | Found Bipnataf's Antique Armour Boutique.
   570 | D:2      | Identified the +4 short sword "Kamelayl" {freeze, Drain Fly
                  | rN+++ Will+}
   628 | D:2      | Reached skill level 5 in Axes
   717 | D:3      | Reached XP level 4. HP: 24/41 MP: 3/3
  1109 | D:3      | Found Guxt's Assorted Antiques.
  1169 | D:3      | Bought a scroll labelled ISEDAO XEMIU for 22 gold pieces
  1169 | D:3      | Bought a white potion for 19 gold pieces
  1169 | D:3      | Bought a scroll labelled GOANGANG PULILL for 22 gold pieces
  1169 | D:3      | Bought a cyan potion for 19 gold pieces
  1169 | D:3      | Bought a white potion for 19 gold pieces
  1440 | D:3      | Found Optety's Antique Weapon Boutique.
  1499 | D:3      | Found Basi's Antique Armour Emporium.
  1664 | D:3      | Found Xoezobui's Assorted Antiques.
  1669 | D:3      | Bought a scroll labelled RUGOHOSYWNALL for 27 gold pieces
  1669 | D:3      | Bought a scroll labelled HEBIOWIUSI for 27 gold pieces
  1762 | D:3      | Reached XP level 5. HP: 47/47 MP: 4/4
  1856 | D:3      | Found a faded altar of an unknown god.
  1952 | D:4      | Reached *** piety under Trog
  2038 | D:3      | Found a runed translucent door.
  2039 | D:3      | Noticed Crazy Yiuf
  2044 | D:3      | Killed Crazy Yiuf
  2045 | D:3      | Reached skill level 5 in Fighting
  2147 | D:5      | Entered Level 5 of the Dungeon
  2149 | D:5      | Found a radiant altar of Vehumet.
  2259 | D:4      | Noticed Ijyb
  2277 | D:4      | Killed Ijyb
  2441 | D:4      | Reached skill level 6 in Axes
  2513 | D:4      | Reached XP level 6. HP: 56/56 MP: 5/5
  2554 | D:4      | Noticed Duvessa
  2554 | D:4      | Noticed Dowan
  2563 | D:4      | Killed Dowan
  2567 | D:4      | Killed Duvessa
  2647 | D:4      | Identified the +5 long sword of Woj Hes {flame, Fragile
                  | Str-5 Int+8 Stlth+}
  2825 | D:4      | Noticed a sky beast
  2832 | D:4      | Killed a sky beast
  2833 | D:4      | Reached XP level 7. HP: 62/62 MP: 6/6
  2989 | D:4      | Reached skill level 7 in Axes
  3362 | D:6      | Reached skill level 8 in Axes
  3394 | D:6      | Reached XP level 8. HP: 27/70 MP: 7/7
  3399 | D:6      | Noticed a troll
  3399 | D:6      | Noticed Edmund
  3413 | D:6      | Killed Edmund
  3414 | D:6      | Reached skill level 5 in Armour
  3415 | D:6      | Slain by a troll

Illustrated notes

Levels and vault maps discovered:
D:1:      saegor_arrival_simple_d, layout_rooms, hangedman_decor_push,
          minmay_tiny_reverse_x
D:2:      layout_loops_ring, kennysheep_generic_room_14
D:3:      layout_rooms, serial_shops, nicolae_shop_rolling_square,
          nicolae_shop_overgrown_old_shop, shop, nicolae_shop_peninsula,
          nicolae_shop_overgrown_old_shop,
          dreamdust_ecumenical_altar_angels_and_demons, uniq_crazy_yiuf_cottage
D:4:      corexii_shantytown, layout_loops_ring,
          nicolae_elevator_lobby_asterisk, uniq_duvessa, uniq_ijyb
D:5:      lemuel_insect_pit, layout_basic, fiery_altar_vehumet,
          minmay_temple_entry_mini_moons, nicolae_shop_i_like_big_books,
          lightli_minifort, uniq_blork_the_orc
D:6:      hangedman_cross_stitches, layout_rooms, gammafunk_ghost_grave,
          uniq_edmund, uniq_menkaure, uniq_prince_ribbit1

Skill      XL: |  1  2  3  4  5  6  7  8 |
---------------+-------------------------+-----
Axes           | 4 5 6 8 |  8.8
Fighting       | 4 5 6 |  6.4
Armour         | 3 4 5 |  5.0
Dodging        | 3 4 |  4.7
Stealth        | |  0.6

Action                     |  1- 3 |  4- 6 |  7- 9 || total
---------------------------+-------+-------+-------++-------
  Melee: Hand axe          |    65 |   120 |    63 ||   248
         Headbutt          |     8 |    25 |    19 ||    52
         Punch             |       |     3 |     1 ||     4
  Throw: Stone             |     1 |       |       ||     1
 Invoke: Berserk           |       |     2 |     1 ||     3
         Trog's Hand       |       |     1 |     1 ||     2
    Use: Potion            |       |       |     3 ||     3
   Stab: Sleeping          |     2 |       |       ||     2
 Armour: Animal skin       |    15 |     1 |       ||    16
         Ring mail         |       |    38 |    42 ||    80
         Chain mail        |       |     3 |       ||     3
  Dodge: Dodged            |    45 |    92 |    82 ||   219

Table legend: (Time is in decaauts)
 A = Elapsed time spent in this place.
 B = Non-inter-level travel time spent in this place.
 C = Inter-level travel time spent in this place.
 D = Time resting spent in this place.
 E = Time spent auto-exploring this place.
 F = Levels seen in this place.
 G = Mean time per level.
                   A        B        C        D        E       F      G
               +--------+--------+--------+--------+--------+-----+--------+
         Total |   3423 |   3325 |     98 |      0 |   2103 |   6 |  570.5 |
       Dungeon |   3423 |   3325 |     98 |      0 |   2103 |   6 |  570.5 |
               +--------+--------+--------+--------+--------+-----+--------+

Top non-repeatable levels by time:
     D:4: 1128 daAuts
     D:2: 818 daAuts
     D:3: 741 daAuts
     D:1: 474 daAuts
     D:5: 157 daAuts
     D:6: 102 daAuts
